 Dungeon Crawl Stone Soup version 0.27-a0-1319-geec4fb4e21 (webtiles) character file.

Game seed: 12123598987942861746

114 bande the Shield-Bearer (level 4, 0/29 HPs)
             Began as a Gargoyle Fighter on June 21, 2021.
             Killed by divine providence
             ... invoked by an orc priest
              (10 damage)
             ... on level 3 of the Dungeon.
             The game lasted 00:04:11 (2880 turns).

bande the Shield-Bearer (Gargoyle Fighter)          Turns: 2880, Time: 00:04:12

Health: 0/29       AC: 12    Str: 19    XL:     4   Next: 98%
Magic:  4/4        EV:  7    Int: 13    God:
Gold:   41         SH: 10    Dex: 10    Spells: 3/3 levels left

rFire    . . .     SeeInvis +   a - +0 war axe
rCold    + . .     Faith    .   c - +1 kite shield
rNeg     + . .     Spirit   .   b - +0 scale mail
rPois    ∞         Reflect  .   o - +1 helmet of Beauty {Rampage rC+ Int+4 SInv}
rElec    +         Harm     .   (no cloak)
rCorr    +         Rampage  +   (no gloves)
Will     .....                  (no boots)
Stlth    ..........             (no amulet)
HPRegen  0.09/turn              h - ring of resist corrosion
MPRegen  0.09/turn              (no ring)

@: mighty
A: sickness immunity, AC +3, negative energy resistance 1, electricity
resistance, torment resistance 1, petrification resistance
a: no special abilities


You were on level 3 of the Dungeon.
You visited 1 branch of the dungeon, and saw 3 of its levels.

You collected 41 gold pieces.

Inventory:

Hand Weapons
 a - a +0 war axe (weapon)
Armour
 b - a +0 scale mail (worn)
 c - a +1 kite shield (worn)
 o - the +1 helmet of Beauty (worn) {Rampage rC+ Int+4 SInv}
   (You took it off Robin on level 2 of the Dungeon)

   It affects your intelligence (+4).
   It protects you from cold.
   It lets you see invisible.
   It bestows one free step when moving towards enemies.
Jewellery
 h - a ring of resist corrosion (left hand)
 p - an amulet of faith
Scrolls
 e - 3 scrolls of identify
 k - a scroll of vulnerability {unknown}
Potions
 f - a potion of flight
 j - 2 potions of resistance {unknown}
 l - a potion of curing {unknown}
 m - a potion of lignification {unknown}
 n - a potion of attraction {unknown}


   Skills:
 + Level 3.8 Fighting
 + Level 3.2 Axes
 + Level 3.8 Armour
 + Level 0.6 Dodging
 + Level 3.9 Shields


You had 3 spell levels left.
You didn't know any spells.
Your spell library was empty.

Dungeon Overview and Level Annotations

Branches:
Dungeon (3/15)

Altars:
Hepliaklqana
Nemelex Xobeh


Innate Abilities, Weirdness & Mutations

You are immune to sickness and miasma.
Your stone body is resilient. (AC +3)
You are immune to poison.
You resist negative energy. (rN+)
You are resistant to electric shocks. (rElec)
You are resistant to unholy torment.
You are immune to petrification.


Message History

The ball python bites you but does no damage.
The ball python constricts you.
You slash the ball python!
You kill the ball python!
Found a stone staircase leading down.
Found a scroll of identify.
An orc comes into view. It is wielding a +0 hand axe.
The orc shouts!
You hear a shout! x2
An orc comes into view. It is wielding a +0 hand axe.
Found a sparkling altar of Nemelex Xobeh.
An orc and an orc priest come into view.
The orc shouts!
The orc priest shouts!
The orc shouts!
You hear a shout!
The orc priest miscasts a cantrip.
An endoplasm comes into view.
The endoplasm quivers.
The orc priest calls down the wrath of Beogh upon you.
Beogh smites you!
You hear a shout!
Found a scroll of identify.
A hobgoblin comes into view.
You block the orc's attack.
A kobold comes into view.
It is wielding a +0 whip and quivering poisoned darts.
The orc hits you but does no damage.
Unknown command.
You barely miss the orc. You hit the orc.
The kobold throws a poisoned dart.
You block the poisoned dart. The orc barely misses you.
The orc closely misses you.
The endoplasm jiggles.
You block the orc's attack.
You hit the orc.
The orc is heavily wounded.
You completely miss the orc. The orc hits you with a +0 hand axe.
You block the orc's attack. You block the orc priest's attack.
The orc hits you with a +0 hand axe. The orc barely misses you.
Unknown command.
Unknown command.
You feel very mighty all of a sudden.
The orc priest mumbles some strange prayers to Beogh against you.
Beogh smites you!
You die...

###########*,,,,,,,,,******,***,*
#....<....##.#..........* *,* *,,
#.#######.##.#..........* *,*****
#.# #.##.#........?.* *,,,,,, #.#
#<##.#.....g....* ******* ..#
####.#..........* #.#
#.#...o......*
#.##########.#.ooo......*********
................@J..K...,,,,,,,,,
..................⌠.⌠...,,,,,,,,,
....########.####.._..##*********
###.# *,.....,,.⌠.⌠## * ,,#.#
**#.##.###*...##***** * *,#.#
*..,,..# *####**,,,******* ,,#.#
*.,,,..# *,,,,,,,,,,,, **#.#
*,,,...# *,*,,,******* ,,,,*
***,**,* *,***** *


You could see an orc priest, 3 orcs, an endoplasm, a hobgoblin and a kobold.

Vanquished Creatures
  Robin (D:2)
  3 adders
  A worm (D:2)
  A dart slug (D:1)
  5 orcs
  4 bats (D:1)
  An endoplasm (D:1)
  10 goblins
  5 hobgoblins
  13 jackals
  3 quokkas (D:1)
  6 ball pythons
  A frilled lizard (D:1)
  A kobold (D:1)
  2 rats (D:2)
57 creatures vanquished.

Notes
Turn   | Place    | Note
-------+----------+-------------------------------------------
     0 | D:1      | bande the Gargoyle Fighter began the quest for the Orb.
     0 | D:1      | Reached XP level 1. HP: 14/14 MP: 1/1
   213 | D:1      | Reached XP level 2. HP: 19/19 MP: 2/2
   303 | D:1      | Found a faded altar of an unknown god.
   763 | D:2      | Reached XP level 3. HP: 18/24 MP: 3/3
  1197 | D:1      | Reached XP level 4. HP: 12/29 MP: 4/4
  1562 | D:2      | Identified the +1 helmet of Beauty {Rampage rC+ Int+4 SInv}
  1562 | D:2      | Noticed Robin
  2311 | D:2      | Killed Robin
  2590 | D:2      | Found a hazy altar of Hepliaklqana.
  2873 | D:3      | Found a sparkling altar of Nemelex Xobeh.
  2880 | D:3      | Killed from afar by an orc priest

Illustrated notes

Levels and vault maps discovered:
D:1:      shiori_arrival_elements, layout_basic,
          hellmonk_ecumenical_altar_prayer_group
D:2:      layout_rooms, basic_altar, serial_corexii_hall,
          corexii_hall_statues_x, corexii_hall_statues_u, grunt_ministairs_13,
          uniq_robin
D:3:      layout_basic, nemelex_xobeh_ov_fountains_minmay,
          nicolae_yredelemnul_corpse_copse, serial_shops, nicolae_square_shop,
          portal_sewer_entry_a

Skill      XL: |  1  2  3  4 |
---------------+-------------+-----
Axes           | 2 3 |  3.2
Fighting       | |  3.8
Armour         | |  3.8
Dodging        | |  0.6
Shields        | |  3.9

Action                   |  1- 3 |  4- 6 || total
-------------------------+-------+-------++-------
Melee: War axe           |   106 |    84 ||   190
  Use: Scroll            |       |     3 ||     3
       Potion            |       |     1 ||     1
Armor: Scale mail        |    92 |    50 ||   142
Dodge: Dodged            |    46 |    36 ||    82
Block: Kite shield       |    82 |    60 ||   142

Table legend: (Time is in decaauts)
 A = Elapsed time spent in this place.
 B = Non-inter-level travel time spent in this place.
 C = Inter-level travel time spent in this place.
 D = Time resting spent in this place.
 E = Time spent auto-exploring this place.
 F = Levels seen in this place.
 G = Mean time per level.
                   A        B        C        D        E       F      G
               +--------+--------+--------+--------+--------+-----+--------+
         Total |   3002 |   3002 |      0 |   1070 |   1275 |   3 | 1000.7 |
       Dungeon |   3002 |   3002 |      0 |   1070 |   1275 |   3 | 1000.7 |
               +--------+--------+--------+--------+--------+-----+--------+

Top non-repeatable levels by time:
     D:1: 1833 daAuts
     D:2: 1126 daAuts
     D:3: 42 daAuts
